Map: Disco Bloodbath LE

Players

souL

  • Race: Terran Terran
  • Spawn Location: 3:00

Namshar - Winner!

  • Race: Zerg Zerg
  • Spawn Location: 9:00

VOD

Have the link to the VOD?

Description

Time

  • Played on: Sept. 6, 2019, 7:14 p.m.
  • Length: 11:31
Show
View Real Time Build Order
Export as new Build Order

souL Terran 

Build Orders: Reaper Expand, Mech 

Get SALT Encoding   

  12  0:00  SCV  
  13  0:13  SCV  
  14  0:17  Supply Depot  
  14  0:25  SCV  
  15  0:39  SCV  
  15  0:40  Barracks  
  16  0:43  Refinery  
  16  0:51  SCV  
  17  1:03  SCV  
  18  1:15  SCV  
  19  1:27  Orbital Command, Reaper  
  20  1:39  Command Center  
  20  1:50  Supply Depot  
  20  1:53  SCV  
  21  1:59  Marine  
  22  2:03  Factory  
  22  2:06  SCV  
  23  2:09  Refinery  
  23  2:19  SCV  
  23  2:21  Barracks Reactor  
  24  2:31  SCV  
  25  2:43  SCV  
  26  2:50  Command Center  
  26  2:52  Orbital Command  
  26  2:55  SCV  
  27  3:05  Starport  
  27  3:08  SCV  
  30  3:13  Hellion  
  30  3:18  Hellion  
  32  3:20  Marine, SCV  
  32  3:25  SCV  
  35  3:32  SCV  
  38  3:34  Hellion  
  38  3:38  SCV  
  38  3:39  Hellion  
  41  3:43  Fusion Core  
  41  3:44  SCV  
  41  3:47  Marine  
  43  3:50  SCV, Starport Tech Lab  
  44  3:56  SCV  
  44  4:02  Hellion x2  
  49  4:04  SCV  
  49  4:05  Orbital Command  
  50  4:11  SCV  
  50  4:13  Supply Depot  
  50  4:16  SCV  
  52  4:21  Supply Depot  
  52  4:23  SCV  
  55  4:29  SCV  
  54  4:32  Battlecruiser  
  54  4:36  SCV x2  
  62  4:41  Refinery  
  62  4:42  Refinery  
  62  4:43  SCV  
  62  4:45  Supply Depot  
  63  4:48  SCV  
  63  4:52  SCV  
  65  4:53  Supply Depot x2  
  65  4:55  SCV  
  65  4:58  Orbital Command  
  66  5:01  Factory  
  66  5:06  SCV  
  68  5:07  SCV  
  68  5:08  Factory  
  68  5:11  Hellion  
  68  5:13  Weapon Refit  
  70  5:18  SCV  
  70  5:19  SCV  
  72  5:24  SCV  
  72  5:25  Hellion  
  75  5:30  SCV  
  75  5:31  SCV  
  75  5:33  Hellion  
  79  5:36  SCV  
  79  5:39  Refinery  
  79  5:40  Refinery  
  79  5:41  Battlecruiser  
  85  5:44  SCV  
  85  5:47  SCV  
  85  5:49  Factory Tech Lab  
  87  5:50  SCV, Supply Depot  
  87  5:52  Hellion  
  87  5:56  SCV  
  88  5:59  SCV  
  88  6:02  Hellion  
  88  6:06  SCV  
  88  6:09  Siege Tank  
  88  6:10  Factory Tech Lab, SCV  
  92  6:11  SCV  
  92  6:12  Supply Depot  
  92  6:14  Supply Depot  
  92  6:16  Infernal Pre-Igniter  
  94  6:18  SCV  
  94  6:23  SCV x2  
  96  6:28  Armory x2  
  96  6:30  SCV  
  97  6:35  SCV x2  
  97  6:36  Engineering Bay  
  97  6:37  Supply Depot  
  97  6:39  Siege Tank  
  102  6:42  SCV  
  104  6:47  SCV  
  104  6:53  Siege Tank  
  109  6:54  Hellion  
  109  6:57  SCV x2  
  111  7:03  Hellion  
  111  7:05  SCV  
  114  7:12  Siege Tank, SCV  
  114  7:13  SCV  
  119  7:15  Command Center  
  119  7:17  SCV  
  119  7:19  Hellion  
  122  7:25  Siege Tank, SCV x2  
  129  7:30  Hellion  
  129  7:31  Terran Vehicle And Ship Armor Level 1, Terran Vehicle Weapons Level 1  
  129  7:32  SCV  
  129  7:36  Missile Turret  
  130  7:37  SCV  
  130  7:41  SCV  
  130  7:43  Supply Depot  
  132  7:44  SCV  
  132  7:49  Missile Turret  
  132  7:50  Supply Depot  
  133  7:52  Supply Depot  
  133  8:04  Supply Depot, Battlecruiser  
  139  8:10  Hellion  
  139  8:12  Siege Tank x2  
  147  8:14  Missile Turret  
  147  8:17  SCV x3  
  150  8:25  Factory x2, Hellion  
  152  8:29  SCV x2  
  148  8:36  Hellion  
  148  8:37  Refinery x2  
  148  8:40  Command Center  
  144  8:44  Siege Tank x2  
  144  8:45  Mag-Field Accelerator  
  144  8:46  Hellion  
  152  8:52  SCV  
  152  8:54  Sensor Tower  
  151  9:00  Hellion  
  151  9:01  Sensor Tower  
  153  9:09  Hellion  
  155  9:16  Siege Tank x2  
  151  9:21  Hellion  
  140  9:43  Supply Depot  
  140  9:45  Supply Depot x2  
  140  9:52  Command Center  
  140  9:58  Orbital Command  
  140  10:05  Factory Tech Lab, Factory Reactor  
  140  10:06  Cyclone x2, Hellion  
  148  10:25  Orbital Command  
  148  10:26  Missile Turret  
  148  10:28  Missile Turret  
  144  10:30  Hellion  
  127  10:52  Supply Depot  
  120  10:59  Siege Tank x3, Hellion  
  96  11:15  Supply Depot  
Show
View Real Time Build Order
Export as new Build Order

Namshar Zerg - Winner!

Build Orders: Hatch First 

Get SALT Encoding   

  12  0:00  Drone  
  13  0:12  Overlord  
  13  0:17  Drone  
  14  0:30  Drone x2  
  16  0:47  Hatchery  
  16  0:49  Drone  
  16  0:54  Drone  
  16  0:57  Drone  
  18  1:08  Extractor  
  17  1:12  Spawning Pool  
  17  1:15  Drone  
  17  1:18  Drone  
  18  1:28  Drone  
  19  1:38  Drone  
  20  1:49  Overlord  
  20  1:58  Queen x2  
  20  1:59  Zergling x2  
  26  2:01  Zergling x2  
  26  2:10  Drone  
  26  2:11  Drone  
  28  2:20  Drone  
  28  2:21  Drone  
  30  2:26  Hatchery  
  29  2:31  Drone  
  29  2:34  Pneumatized Carapace  
  30  2:45  Queen  
  30  2:46  Overlord  
  30  2:48  Drone  
  30  2:50  Drone  
  34  2:54  Metabolic Boost  
  34  2:58  Drone  
  34  3:02  Overlord  
  35  3:06  Drone  
  35  3:07  Drone  
  35  3:10  Drone  
  35  3:12  Drone  
  39  3:14  Drone  
  39  3:19  Drone  
  41  3:22  Queen  
  44  3:27  Drone  
  44  3:29  Queen  
  46  3:36  Drone x3  
  49  3:43  Drone x5  
  49  3:48  Overlord  
  54  3:51  Zergling x2  
  54  3:55  Queen  
  57  4:03  Drone  
  57  4:07  Drone  
  57  4:08  Overlord x2  
  59  4:12  Drone x3  
  59  4:16  Zergling x4  
  64  4:25  Drone x2  
  64  4:26  Overlord  
  64  4:27  Drone  
  64  4:30  Extractor  
  66  4:32  Roach Warren, Extractor  
  66  4:33  Overlord  
  66  4:34  Drone x5  
  69  4:39  Lair  
  69  4:40  Drone x4  
  73  4:49  Evolution Chamber  
  73  4:51  Spore Crawler  
  73  4:52  Spore Crawler, Drone x3  
  74  4:53  Spore Crawler  
  74  4:56  Drone  
  71  5:01  Queen  
  71  5:03  Extractor  
  72  5:07  Queen  
  72  5:08  Drone x4  
  78  5:16  Drone x5  
  78  5:17  Drone x2  
  85  5:24  Overlord x2  
  85  5:29  Zerg Missile Weapons Level 1  
  85  5:34  Roach x3  
  91  5:38  Queen  
  93  5:43  Queen  
  93  5:44  Roach x3  
  93  5:47  Overlord x2  
  93  5:48  Extractor  
  93  5:49  Extractor  
  97  5:59  Drone  
  97  6:00  Drone x4  
  97  6:02  Spire  
  96  6:09  Drone x5  
  97  6:19  Drone x2  
  97  6:20  Drone  
  100  6:31  Hatchery  
  99  6:33  Glial Reconstitution  
  99  6:35  Drone  
  99  6:37  Overlord  
  99  6:38  Overlord  
  98  6:48  Roach x4  
  106  6:58  Drone x2  
  102  7:08  Drone x2  
  100  7:16  Corruptor x8  
  100  7:18  Overlord  
  113  7:27  Drone  
  113  7:29  Overlord  
  112  7:33  Overlord  
  112  7:34  Corruptor x3  
  118  7:38  Corruptor  
  118  7:42  Ravager  
  118  7:43  Ravager  
  122  7:48  Overlord  
  122  7:50  Roach x3  
  128  7:54  Overlord  
  128  7:56  Roach x3  
  135  7:58  Drone  
  135  7:59  Roach  
  135  8:04  Roach x2  
  141  8:06  Overlord  
  141  8:08  Roach  
  141  8:09  Roach  
  141  8:11  Ravager x2  
  147  8:15  Roach x2  
  147  8:18  Roach  
  147  8:19  Roach  
  155  8:23  Roach x2  
  159  8:32  Roach  
  159  8:33  Roach x5  
  171  8:37  Overlord  
  171  8:43  Roach x4  
  171  8:45  Ravager x2  
  171  8:47  Overlord  
  181  8:55  Roach x5  
  184  9:16  Roach x10  
  165  9:28  Roach  
  165  9:29  Roach x6  
  164  9:49  Hatchery  
  157  9:53  Overlord  
  157  9:56  Infestation Pit  
  157  9:58  Ravager x4  
  160  10:00  Ravager  
  160  10:03  Drone x2  
  160  10:04  Drone x2  
  165  10:08  Ravager  
  165  10:09  Ravager  
  167  10:18  Roach  
  167  10:19  Roach x4  
  177  10:35  Roach x6  
  168  10:53  Roach  
  168  10:54  Roach x6  
  180  11:04  Hatchery  
Tags
 
Add a new tag
Caveats
  • Supply blocks, unpowered buildings, or Contaminate may cause inaccurate times.
  • Supply counts are checked every 10 seconds.